 Dungeon Crawl Stone Soup version 0.30.1-11-g7821555f0a (webtiles) character file.

Game seed: 18241892127199322593

1011 PaiMei the Purveyor of Pain (level 8, -9/60 HPs)
             Began as a Demonspawn Necromancer on Jan 9, 2024.
             Was an Initiate of Kikubaaqudgha.
             Mangled by a gargoyle
             ... wielding a +0 mace
              (11 damage)
             ... on level 6 of the Dungeon.
             The game lasted 00:08:53 (8349 turns).

PaiMei the Purveyor of Pain (DsNe)                  Turns: 8349, Time: 00:08:54

Health: -9/60      AC: 14    Str:  9    XL:     8   Next: 1%
Magic:  14/14      EV: 13    Int: 18    God:    Kikubaaqudgha [......]
Gold:   338        SH:  0    Dex: 14    Spells: 8/16 levels left

rFire   . . .        u - +0 mace (protect)
rCold   . . .        (no shield)
rNeg    . . .        a - +0 robe
rPois   .            (helmet unavailable)
rElec   .            d - +0 cloak
rCorr   .            o - +0 pair of gloves
SInv    +            s - +0 pair of boots
Will    .....        x - amulet of regeneration
Stlth   ++           (no ring)
HPRegen 1.10/turn    (no ring)
MPRegen 0.14/turn

%: no passive effects
@: under a protective aura
A: antennae 3, thin metallic scales 1
a: Renounce Religion


You were on level 6 of the Dungeon.
You worshipped Kikubaaqudgha.
Kikubaaqudgha was noncommittal.
You visited 2 branches of the dungeon, and saw 7 of its levels.

You collected 338 gold pieces.

Inventory:

Hand Weapons
 l - a +0 hand axe
 u - a +0 mace of protection (weapon)
 D - a +0 hand crossbow
Missiles
 B - 6 curare-tipped darts (quivered)
 E - 4 poisoned darts
Armour
 a - a +0 robe (worn)
 d - a +0 cloak (worn)
 o - a +0 pair of gloves (worn)
 s - a +0 pair of boots (worn)
Jewellery
 m - a ring of flight
 x - an amulet of regeneration (around neck)
 z - a ring of magical power
Scrolls
 c - 2 scrolls of vulnerability {unknown}
 e - a scroll of immolation {unknown}
 f - 2 scrolls of fear {unknown}
 g - a scroll of enchant armour {unknown}
 h - 5 scrolls of identify {unknown}
 k - 2 scrolls of poison {unknown}
 p - a scroll of blinking {unknown}
 q - 3 scrolls of teleportation {unknown}
 r - a scroll of fog {unknown}
 t - a scroll of silence {unknown}
 v - 2 scrolls of magic mapping {unknown}
 w - a scroll of butterflies {unknown}
 y - a scroll of amnesia {unknown}
Potions
 b - a potion of magic
 i - 2 potions of curing {unknown}
 j - a potion of brilliance {unknown}
 n - 2 potions of lignification {unknown}
 A - 2 potions of degeneration {unknown}
 C - 3 potions of mutation {unknown}


   Skills:
 + Level 4.2 Fighting
 + Level 4.5 Dodging
 - Level 2.0 Stealth
 + Level 4.6 Spellcasting
 + Level 6.7 Necromancy


You had 8 spell levels left.
You knew the following spells:

 Your Spells              Type           Power      Damage    Failure   Level
a - Necrotise             Necr           100%       1d9       1%          1
b - Vampiric Draining     Necr           28%        2d8       2%          3
c - Animate Dead          Necr           28%        N/A       9%          4

Your spell library contained the following spells:

 Spells                   Type           Power      Damage    Failure   Level
 Apportation              Tloc           8%         N/A       14%         1
 Agony                    Necr           28%        N/A       24%         5
 Dazzling Flash           Conj/Hex       8%         N/A       38%         3
 Volatile Blastmotes      Fire/Tloc      8%         2d10      38%         3
 Iskenderun's Mystic Bla  Conj/Tloc      4%         2d3       80%         4
 Alistair's Intoxication  Tmut/Pois      2%         N/A       98%         5
 Starburst                Conj/Fire      2%         6d3       100%        6


Dungeon Overview and Level Annotations

Branches:
Dungeon (6/15)             Temple (1/1) D:5

Altars:
Ashenzari
Cheibriados
Dithmenos
Fedhas
Gozag
Hepliaklqana
Kikubaaqudgha
Makhleb
Okawaru
Qazlal
Ru
Trog
Uskayaw
Vehumet
Wu Jian
Xom

Annotations:
D:3 1 runed translucent door, Crazy Yiuf, Natasha
D:5 3 runed translucent doors, gummybears's ghost, amateur MiFi


Innate Abilities, Weirdness & Mutations

You have a pair of large antennae on your head. (SInv)
You are partially covered in thin metallic scales. (AC +2)


Message History

HP restored.
C - 3 yellow potions (gained 1)
Things that are here:
a +0 glaive; a +0 robe; the orc corpse of Blork the orc Magic restored.
h - 5 scrolls labelled EPLUOSO UTHREN (gained 1)
Found a stone staircase leading down.
Found a ring mail.
Found a red potion.
A gargoyle comes into view. It is wielding a +0 mace.
The gargoyle attacks as you move away! The gargoyle hits you with a +0 mace.
The gargoyle attacks as you move away! The gargoyle hits you with a +0 mace!
The gargoyle hurls a stone arrow at you.
The stone arrow misses you.
The gargoyle hurls a stone arrow at you.
The stone arrow hits you!!
* * * LOW HITPOINT WARNING * * *
The gargoyle hurls a stone arrow at you.
The stone arrow misses you.
The gargoyle hurls a stone arrow at you.
The stone arrow hits you.
You barely miss the gargoyle.
The gargoyle hits you but does no damage.
You hit the gargoyle but do no damage.
Your weapon exudes an aura of protection.
The gargoyle hits you but does no damage.
The gargoyle hurls a stone arrow at you.
The stone arrow hits you!
* * * LOW HITPOINT WARNING * * *
You hit the gargoyle but do no damage. The gargoyle hits you with a +0 mace.
* * * LOW HITPOINT WARNING * * *
You hit the gargoyle but do no damage.
The gargoyle hurls a stone arrow at you.
The stone arrow misses you. The gargoyle hits you with a +0 mace!
* * * LOW HITPOINT WARNING * * *
You hit the gargoyle.
The gargoyle is moderately damaged.
The gargoyle hits you with a +0 mace!
You die...
Kikubaaqudgha rasps: "You have failed me!
Welcome... death!"

######.
#.#.................
#....#. #.#.##.......###
...# #. #... ###.###.###
#..# #W #..#####.##....#
<..# #. #>........#....#
#.##.#.####.#########....#
...$..W.....# #....#
###########.#########....#
...........9@........#
#####.###.#########....#
###......§..####### #....#
....§§≈§≈≈........# #....#
###.≈≈§§≈§...^....# #....#
#...§§§§§§........# #....#
#.#.≈≈§.§≈........# #....#
#...≈≈≈§≈≈....[...# #....#
....≈≈≈≈≈≈....!...#


You could see a gargoyle.

Vanquished Creatures
  Edmund (D:4)
  An ice beast (D:5)
  Blork the orc (D:6)
  2 scorpions (D:5)
  A howler monkey (D:6)
  3 hounds
  An orc priest (D:3)
  Jessica (D:3)
  Natasha (twice) (D:3)
  3 iguanas (D:5)
  3 orc wizards (D:3)
  4 gnolls
  5 adders
  An ufetubus (D:4)
  2 worms (D:2)
  2 dart slugs (D:1)
  11 orcs
  8 ball pythons
  3 bats
  5 endoplasms
  6 giant cockroaches
  4 hobgoblins
  4 kobolds
  6 quokkas
  4 frilled lizards
  5 goblins
  6 rats
95 creatures vanquished.

Vanquished Creatures (collateral kills)
  A scorpion (D:5)
  A ball python (D:2)
  2 goblins
  A hobgoblin (D:1)
  A rat (D:2)
6 creatures vanquished.

Grand Total: 101 creatures vanquished

Notes
Turn   | Place    | Note
-------+----------+-------------------------------------------
     0 | D:1      | PaiMei the Demonspawn Necromancer began the quest for the
                  | Orb.
     0 | D:1      | Reached XP level 1. HP: 13/13 MP: 3/3
   381 | D:1      | Found a faded altar of an unknown god.
   436 | D:1      | Gained mutation: You have a pair of small antennae on your
                  | head. [demonic ancestry]
   436 | D:1      | Reached XP level 2. HP: 19/19 MP: 1/5
  1413 | D:2      | Gained mutation: You have a pair of antennae on your head.
                  | [demonic ancestry]
  1413 | D:2      | Reached XP level 3. HP: 9/25 MP: 0/6
  1904 | D:2      | Reached skill level 1 in Fighting
  2334 | D:2      | Gained mutation: You are partially covered in thin metallic
                  | scales. (AC +2) [demonic ancestry]
  2334 | D:2      | Reached XP level 4. HP: 24/32 MP: 2/7
  2502 | D:2      | Reached skill level 5 in Necromancy
  2887 | D:3      | Found an iron altar of Okawaru.
  2909 | D:3      | Noticed Jessica
  2921 | D:3      | Killed Jessica
  3101 | D:2      | Reached XP level 5. HP: 38/38 MP: 4/9
  3105 | D:2      | Learned a level 3 spell: Vampiric Draining
  3110 | D:2      | Learned a level 4 spell: Animate Dead
  4414 | D:3      | Reached XP level 6. HP: 46/46 MP: 7/11
  4545 | D:3      | Noticed Natasha
  4552 | D:3      | Killed Natasha
  4648 | D:3      | Found a runed translucent door.
  4649 | D:3      | Noticed Crazy Yiuf
  4667 | D:3      | Noticed Natasha
  4716 | D:3      | Killed Natasha
  5050 | D:3      | Noticed Natasha
  5383 | D:4      | Noticed Edmund
  5416 | D:4      | Killed Edmund
  5844 | D:4      | Found a hide-covered altar of Uskayaw.
  5845 | D:4      | Found a hazy altar of Hepliaklqana.
  5846 | D:4      | Found a blossoming altar of Fedhas.
  5846 | D:4      | Found a sacrificial altar of Ru.
  6854 | D:5      | Entered Level 5 of the Dungeon
  6874 | D:5      | Reached skill level 6 in Necromancy
  6874 | D:5      | Reached XP level 7. HP: 50/51 MP: 8/12
  7003 | D:5      | Found a runed translucent gate.
  7004 | D:5      | Found a runed translucent gate.
  7011 | D:5      | Noticed gummybears's ghost (amateur MiFi)
  7074 | D:5      | Found a runed translucent gate.
  7163 | D:5      | Found a staircase to the Ecumenical Temple.
  7319 | Temple   | Entered the Ecumenical Temple
  7334 | Temple   | Became a worshipper of Kikubaaqudgha
  7437 | D:5      | Found a shimmering altar of Xom.
  7688 | D:5      | Found a broken altar of Ashenzari.
  8045 | D:6      | Found a snail-covered altar of Cheibriados.
  8195 | D:6      | Noticed Blork the orc
  8204 | D:6      | Killed Blork the orc
  8205 | D:6      | Gained mutation: You have a pair of large antennae on your
                  | head. (SInv) [demonic ancestry]
  8205 | D:6      | Reached XP level 8. HP: 45/60 MP: 1/14
  8332 | D:6      | Noticed a gargoyle
  8348 | D:6      | HP: 1/60 [gargoyle/+0 mace (7)]
  8349 | D:6      | Mangled by a gargoyle

Illustrated notes

Levels and vault maps discovered:
D:1:      dpeg_arrival_concentric_ovals, layout_basic, serial_forest,
          infiniplex_forest_clump_large, infiniplex_forest_straight_3,
          infiniplex_forest_straight_2, infiniplex_forest_straight_2,
          infiniplex_forest_lined_4_way, infiniplex_forest_fountain,
          infiniplex_forest_clump_cross, infiniplex_forest_zigzag_1,
          infiniplex_forest_lined_3, infiniplex_forest_lined_2,
          shapermc_ecumenical_altar_acropolis, chequers_hall_statues_wall_a
D:2:      minmay_recursive_quarters, layout_rooms,
          hangedman_decor_diamond_cutter
D:3:      layout_basic, kennysheep_okawaru_gauntlet, minmay_misc_feat_tiny,
          minmay_misc_feat_four_crosses, uniq_crazy_yiuf_cottage, uniq_natasha,
          uniq_jessica
D:4:      layout_layer_cave, chequers_temple_overflow_statue_of_worship,
          uniq_edmund
D:5:      layout_loops_cross, mainiacjoe_overflow_24_doors,
          mainiacjoe_overflow_six_doors_small, minmay_temple_entry_ruins,
          gammafunk_ghost_split
D:6:      layout_basic, general_overflow_altar, uniq_sigmund, uniq_blork_the_orc
Temple:   zaba_magenta_temple

Skill      XL: |  1  2  3  4  5  6  7 |
---------------+----------------------+-----
Stealth        | 2 |  2.0
Dodging        | 2 3 4 |  4.5
Fighting       | 1 2 3 4 |  4.2
Necromancy     | 5 6 |  6.7
Spellcasting   | 3 4 |  4.6

Action                     |  1- 3 |  4- 6 |  7- 9 || total
---------------------------+-------+-------+-------++-------
  Melee: Unarmed           |    31 |     3 |       ||    34
         Punch             |     1 |       |       ||     1
         Hand axe          |     2 |     3 |       ||     5
         Mace              |       |    10 |    11 ||    21
   Cast: Necrotise         |    71 |   114 |    35 ||   220
         Vampiric Draining |       |     5 |    11 ||    16
   Stab: Confused          |       |     1 |       ||     1
 Armour: Robe              |    11 |    21 |     9 ||    41
         Skin              |       |     2 |       ||     2
  Dodge: Dodged            |    45 |    32 |    19 ||    96
